 Dungeon Crawl Stone Soup version 0.29-a0-838-g385bb11a5b (webtiles) character file.

Game seed: 1762399872080024179

38 billz999 the Shield-Bearer (level 3, 0/30 HPs)
             Began as a Formicid Fighter on July 13, 2022.
             Slain by Crazy Yiuf
             ... wielding a +4 quarterstaff of chaos
              (14 damage)
             ... on level 2 of the Dungeon.
             The game lasted 00:02:15 (1353 turns).

billz999 the Shield-Bearer (Formicid Fighter)       Turns: 1353, Time: 00:02:15

Health: 0/30       AC:  6    Str: 22    XL:     3   Next: 65%
Magic:  3/3        EV:  9    Int:  7    God:
Gold:   79         SH:  5    Dex: 13    Spells: 2/2 levels left

rFire   . . .      SeeInvis +   a - +0 war axe
rCold   . . .      Faith    .   c - +0 buckler
rNeg    . . .      Spirit   .   b - +0 scale mail
rPois   .          Reflect  .   (helmet unavailable)
rElec   .          Harm     .   (no cloak)
rCorr   .          Rampage  .   (no gloves)
Will    .....                   (no boots)
Stlth   ..........              (no amulet)
HPRegen 0.10/turn               (no ring)
MPRegen 0.08/turn               (no ring)

@: no status effects
A: permanent stasis, dig shafts and tunnels, antennae 3, four strong arms
a: Dig, Shaft Self


You were on level 2 of the Dungeon.
You visited 1 branch of the dungeon, and saw 2 of its levels.

You collected 79 gold pieces.

Inventory:

Hand Weapons
 a - a +0 war axe (weapon)
Armour
 b - a +0 scale mail (worn)
 c - a +0 buckler (worn)
Scrolls
 e - a scroll of identify {unknown}
 f - a scroll of enchant weapon {unknown}
 h - a scroll of fog {unknown}
 i - 2 scrolls of poison
 j - a scroll of vulnerability {unknown}
 k - a scroll of magic mapping {unknown}
Potions
 d - 2 potions of might
 g - a potion of lignification {unknown}
 l - a potion of ambrosia {unknown}
 m - a potion of curing {unknown}


   Skills:
 + Level 3.7 Fighting
 * Level 3.2 Axes
 - Level 3.2 Armour
 + Level 0.2 Dodging
 - Level 4.0 Shields


You had 2 spell levels left.
You didn't know any spells.
Your spell library was empty.

Dungeon Overview and Level Annotations

Branches:
Dungeon (2/15)

Altars:

Annotations:
D:2 Crazy Yiuf


Innate Abilities, Weirdness & Mutations

You cannot be hasted, slowed, berserked, paralysed or teleported.
You can dig through walls and to a lower floor.
You have a pair of large antennae on your head. (SInv)
Your four strong arms can wield two-handed weapons with a shield.


Message History

m - a grey potion
Found a stone staircase leading down.
You sense a monster nearby.
You open the door.
A ball python comes into view.
There is an open door here.
You barely miss the ball python. You block the ball python's attack.
The ball python barely misses you.
You hit the ball python.
You kill the ball python!
No target in view!
You see here a ball python corpse.
Found a hammer.
Found a runed translucent door.
Crazy Yiuf shouts!
You sense a monster nearby.
You open the door. You hit Crazy Yiuf.
Crazy Yiuf is moderately wounded.
Crazy Yiuf hits you with a +4 quarterstaff of chaos.
You hit Crazy Yiuf.
Crazy Yiuf is severely wounded.
Crazy Yiuf barely misses you. Crazy Yiuf closely misses you.
You closely miss Crazy Yiuf.
Crazy Yiuf is severely wounded.
Crazy Yiuf hits you with a +4 quarterstaff of chaos!
Crazy Yiuf draws strength from your wounds!
You hit Crazy Yiuf.
Crazy Yiuf is moderately wounded.
You block Crazy Yiuf's attack.
You slash Crazy Yiuf!
Crazy Yiuf is almost dead.
You block Crazy Yiuf's attack. Crazy Yiuf barely misses you.
You closely miss Crazy Yiuf.
Crazy Yiuf is almost dead.
Crazy Yiuf barely misses you.
You barely miss Crazy Yiuf.
Crazy Yiuf is almost dead.
Crazy Yiuf completely misses you.
Crazy Yiuf hits you with a +4 quarterstaff of chaos!
You die...

###### .....####
........#######
........#...#.### ###
#########
.............#..##...#
#........
.####.......####@g...#
##........
.####†..#..## ###..)#
#.........
..>.'...#### ###
#......... .#.##...#
#.)....... ##.##...#
#......... #.######
########......... #.#
..........####### #.#
..........# # #.#
..........#######


You could see Crazy Yiuf.

Vanquished Creatures
  2 dart slugs (D:1)
  4 bats
  3 endoplasms
  A giant cockroach (D:1)
  4 goblins
  5 hobgoblins (D:1)
  2 kobolds (D:1)
  A quokka (D:1)
  3 ball pythons
  3 frilled lizards
  3 rats (D:1)
31 creatures vanquished.

Notes
Turn   | Place    | Note
-------+----------+-------------------------------------------
     0 | D:1      | billz999 the Formicid Fighter began the quest for the Orb.
     0 | D:1      | Reached XP level 1. HP: 18/18 MP: 1/1
    65 | D:1      | Noticed a swamp drake
    65 | D:1      | Noticed a black mamba
    66 | D:1      | Noticed a swamp worm
    66 | D:1      | Noticed a polar bear
   170 | D:1      | Reached XP level 2. HP: 21/24 MP: 2/2
   352 | D:1      | Reached XP level 3. HP: 30/30 MP: 3/3
  1342 | D:2      | Found a runed translucent door.
  1343 | D:2      | Noticed Crazy Yiuf
  1353 | D:2      | Slain by Crazy Yiuf

Illustrated notes

Levels and vault maps discovered:
D:1:      onia_arrival_zoo_common, layout_loops_ring
D:2:      layout_basic, uniq_crazy_yiuf_cottage

Skill      XL: |  1  2  3 |
---------------+----------+-----
Axes           | 3 |  3.2
Fighting       | |  3.7
Armour         | |  3.2
Dodging        | |  0.2
Shields        | |  4.0

Action                   || total
-------------------------++-------
Melee: War axe           ||    78
  Use: Scroll            ||     1
Armor: Scale mail        ||    26
Dodge: Dodged            ||    41
Block: Buckler           ||    23

Table legend: (Time is in decaauts)
 A = Elapsed time spent in this place.
 B = Non-inter-level travel time spent in this place.
 C = Inter-level travel time spent in this place.
 D = Time resting spent in this place.
 E = Time spent auto-exploring this place.
 F = Levels seen in this place.
 G = Mean time per level.
                   A        B        C        D        E       F      G
               +--------+--------+--------+--------+--------+-----+--------+
         Total |   1382 |   1345 |     37 |    149 |    941 |   2 |  691.0 |
       Dungeon |   1382 |   1345 |     37 |    149 |    941 |   2 |  691.0 |
               +--------+--------+--------+--------+--------+-----+--------+

Top non-repeatable levels by time:
     D:1: 1105 daAuts
     D:2: 277 daAuts
